 Dungeon Crawl Stone Soup version 0.29-a0-330-g52719c12eb (webtiles) character file.

Game seed: 497840986996731836

583 tilp the Charlatan (level 7, 0/52 HPs)
             Began as a Mummy Artificer on May 11, 2022.
             Was a Follower of Trog.
             Killed from afar by an orc wizard (4 damage)
             ... with a magic dart
             ... on level 5 of the Dungeon.
             The game lasted 00:09:31 (6677 turns).

tilp the Charlatan (Mummy Artificer)                Turns: 6677, Time: 00:09:32

Health: 0/52       AC:  9    Str: 17    XL:     7   Next: 14%
Magic:  7/7        EV: 11    Int: 10    God:    Trog [*.....]
Gold:   111        SH:  0    Dex: 13    Spells: 6/6 levels left

rFire   x . .      SeeInvis .   a - +0 war axe
rCold   + . .      Faith    .   (no shield)
rNeg    + + +      Spirit   .   m - +0 ring mail
rPois   ∞          Reflect  .   (no helmet)
rElec   .          Harm     .   h - +0 cloak
rCorr   .          Rampage  .   (no gloves)
Will    .....                   l - +2 pair of boots
Stlth   +.........              (no amulet)
HPRegen 0.17/turn               (no ring)
MPRegen 0.10/turn               (no ring)

@: no status effects
A: cold resistance 1, negative energy resistance 3, torment resistance 2, heat
vulnerability 1, in touch with death 1, no potions
a: Renounce Religion


You were on level 5 of the Dungeon.
You worshipped Trog.
Trog was aware of your devotion.
You visited 1 branch of the dungeon, and saw 5 of its levels.

You collected 111 gold pieces.

Inventory:

Hand Weapons
 a - a +0 war axe (weapon)
Missiles
 f - 148 stones (quivered)
Armour
 h - a +0 cloak (worn)
 l - a +2 pair of boots (worn)
 m - a +0 ring mail (worn)
Wands
 c - a wand of flame (31)
 d - a wand of charming (7)
 e - a wand of iceblast (8)


   Skills:
 + Level 3.2 Fighting
 * Level 2.3 Axes
 + Level 2.2 Throwing
 - Level 2.0 Armour
 + Level 2.1 Dodging
 - Level 2.0 Stealth
 - Level 4.0 Evocations


You had 6 spell levels left.
You didn't know any spells.
Your spell library contained the following spells:

 Spells                   Type           Power      Damage    Failure   Level
 Ensorcelled Hibernation  Hex/Ice        0%         N/A       71%         2
 Passwall                 Tmut/Erth      0%         N/A       71%         2
 Swiftness                Air            0%         N/A       90%         3


Dungeon Overview and Level Annotations

Branches:
Dungeon (5/15)             Temple (0/1) D:4

Altars:
Ashenzari
Ru
Sif Muna
Trog
Wu Jian
Yredelemnul

Annotations:
D:2 Sigmund


Innate Abilities, Weirdness & Mutations

You are immune to poison.
Your flesh is cold resistant. (rC+)
You are immune to negative energy. (rN+++)
You are immune to unholy pain and torment.
You are vulnerable to heat. (rF-)
You are in touch with the powers of death.
You do not drink.


Message History

A phantom comes into view.
Something misses your orc wizard.
Aiming: Charm
Press: ? - help, Shift-Dir - straight line, f - scorpion, p - iguana
Aim: a scorpion (moderately wounded, chance to affect: 59%)
The scorpion resists with significant effort.
The scorpion completely misses you.
Your orc wizard hits the howler monkey with a +0 dagger of pain.
The howler monkey writhes in agony.
Something completely misses you.
Your iguana bites something.
Something barely misses your orc wizard.
Unknown command.
Unknown command.
Aiming: Charm
Press: ? - help, Shift-Dir - straight line, f/p - scorpion
Aim: a scorpion (moderately wounded, chance to affect: 59%)
The scorpion is charmed.
The howler monkey hits your iguana.
Your orc wizard hits the howler monkey with a +0 dagger of pain.
The orc hits your scorpion with a +0 mace.
Your iguana barely misses something.
Something closely misses your orc wizard.
The orc hits your scorpion but does no damage.
Something hits you.
* * * LOW HITPOINT WARNING * * *
Your scorpion stings the orc.
The orc is poisoned.
Your scorpion poisons the orc!
The howler monkey completely misses your orc wizard.
Unknown command.
Unknown command.
The howler monkey barely misses your iguana.
Your scorpion stings the orc.
The orc dies!
Trog accepts your kill.
Your orc wizard barely misses the howler monkey.
The phantom hits you.
* * * LOW HITPOINT WARNING * * *
You hear some strange, mumbled words.
A magic dart appears from out of thin air!
The magic dart hits you.
You die...

..........# #........$#
.### #.........# ....
.#.........#.....
...........#...........
.#.................S..#
.........)o#..........#
.#......{s{#..........#
.......o.l@#........o..
........h.W#..........#
..........##...........
...............<.......
........$..##..#.##..<#
.......#.........# #
######.#....... .#
........#....
#......#......


You could see a phantom, a howler monkey (confused, ally target), an orc (ally
target), a friendly scorpion (charmed, unaware), a friendly iguana (charmed) and
a friendly orc wizard (charmed).

Vanquished Creatures
  A phantom (D:4)
  2 scorpions (D:4)
  A hound (D:3)
  A gnoll shaman (D:3)
  An orc priest (D:4)
  Jessica (D:3)
  10 gnolls (D:4)
  5 adders
  6 worms
  3 dart slugs
  9 orcs
  3 ball pythons
  8 bats
  6 endoplasms
  2 giant cockroaches
  11 goblins
  6 hobgoblins
  4 quokkas
  4 frilled lizards
  4 kobolds
  7 rats
95 creatures vanquished.

Vanquished Creatures (collateral kills)
  2 orcs (D:5)
2 creatures vanquished.

Vanquished Creatures (others)
  A centaur (D:5)
  A frilled lizard (D:1)
2 creatures vanquished.

Grand Total: 99 creatures vanquished

Notes
Turn   | Place    | Note
-------+----------+-------------------------------------------
     0 | D:1      | tilp the Mummy Artificer began the quest for the Orb.
     0 | D:1      | Reached XP level 1. HP: 15/15 MP: 1/1
   354 | D:1      | Reached skill level 1 in Dodging
   354 | D:1      | Reached skill level 1 in Stealth
   648 | D:1      | Reached XP level 2. HP: 13/21 MP: 2/2
   756 | D:1      | Noticed a shining eye
   758 | D:1      | Found a faded altar of an unknown god.
   760 | D:1      | Noticed a shining eye
   760 | D:1      | Noticed a floating eye
   760 | D:1      | Noticed a great orb of eyes
  1624 | D:2      | Reached skill level 3 in Evocations
  1624 | D:2      | Gained mutation: You are in touch with the powers of death.
                  | [Mummy growth]
  1624 | D:2      | Reached XP level 3. HP: 14/27 MP: 3/3
  1875 | D:2      | Found a bloodstained altar of Trog.
  1891 | D:2      | Became a worshipper of Trog the Wrathful
  1958 | D:2      | Noticed Sigmund
  2591 | D:3      | Reached XP level 4. HP: 33/33 MP: 4/4
  2611 | D:3      | Noticed Jessica
  2621 | D:3      | Killed Jessica
  2976 | D:3      | Found a shimmering blue altar of Sif Muna.
  3320 | D:3      | Found a sacrificial altar of Ru.
  3563 | D:4      | Noticed a phantom
  3621 | D:4      | Reached skill level 1 in Throwing
  3621 | D:4      | Reached XP level 5. HP: 39/39 MP: 5/5
  3631 | D:4      | Reached * piety under Trog
  3680 | D:4      | Killed a phantom
  4112 | D:3      | Found a sacrificial altar of Ru.
  4298 | D:3      | Found a shimmering blue altar of Sif Muna.
  4737 | D:3      | Found a sacrificial altar of Ru.
  4931 | D:3      | Reached skill level 1 in Axes
  4931 | D:3      | Reached XP level 6. HP: 46/46 MP: 6/6
  5068 | D:4      | Found a broken altar of Ashenzari.
  5070 | D:4      | Found a basalt altar of Yredelemnul.
  5139 | D:4      | Found an ornate altar of the Wu Jian Council.
  5413 | D:4      | Reached skill level 4 in Evocations
  5484 | D:4      | Found a staircase to the Ecumenical Temple.
  6020 | D:4      | Reached XP level 7. HP: 28/52 MP: 7/7
  6385 | D:5      | Entered Level 5 of the Dungeon
  6677 | D:5      | Killed from afar by an orc wizard

Illustrated notes

Levels and vault maps discovered:
D:1:      mainiacjoe_arrival_reflecting_pool, layout_basic,
          hellmonk_ecumenical_altar_watching_god
D:2:      layout_rooms, basic_altar, uniq_sigmund
D:3:      layout_basic, nicolae_ru_awakened_eye,
          mainiacjoe_overflow_surrounded_room, minmay_door_square,
          roderic_st_hans_cross, uniq_jessica
D:4:      layout_basic, nzn_wu_jian_contemplation,
          mainiacjoe_overflow_divided_tiny, minmay_temple_entry_tees
D:5:      layout_rooms, nicolae_gozag_seed_capital

Skill      XL: |  1  2  3  4  5  6 |
---------------+-------------------+-----
Dodging        | 1 2 |  2.1
Stealth        | 1 2 |  2.0
Fighting       | 2 3 |  3.2
Evocations     | 3 4 |  4.0
Armour         | 2 |  2.0
Throwing       | 1 2 |  2.2
Axes           | 1 2 |  2.3

Action                   |  1- 3 |  4- 6 |  7- 9 || total
-------------------------+-------+-------+-------++-------
Melee: Club              |    13 |       |       ||    13
       Dagger            |     9 |       |       ||     9
       Mace              |   128 |    38 |       ||   166
       Punch             |     1 |     3 |       ||     4
       War axe           |       |   157 |     9 ||   166
Throw: Stone             |    13 |       |       ||    13
Evoke: Wand              |     5 |     5 |     6 ||    16
  Use: Scroll            |     2 |     4 |       ||     6
 Stab: Sleeping          |     1 |       |       ||     1
Armor: Leather armour    |    60 |    10 |       ||    70
       Ring mail         |       |    86 |    20 ||   106
Dodge: Dodged            |    98 |   143 |    34 ||   275

Table legend: (Time is in decaauts)
 A = Elapsed time spent in this place.
 B = Non-inter-level travel time spent in this place.
 C = Inter-level travel time spent in this place.
 D = Time resting spent in this place.
 E = Time spent auto-exploring this place.
 F = Levels seen in this place.
 G = Mean time per level.
                   A        B        C        D        E       F      G
               +--------+--------+--------+--------+--------+-----+--------+
         Total |   6827 |   6434 |    393 |   1792 |   3400 |   5 | 1365.4 |
       Dungeon |   6827 |   6434 |    393 |   1792 |   3400 |   5 | 1365.4 |
               +--------+--------+--------+--------+--------+-----+--------+

Top non-repeatable levels by time:
     D:3: 2519 daAuts
     D:1: 1678 daAuts
     D:4: 1633 daAuts
     D:2: 966 daAuts
     D:5: 29 daAuts
